Map: Ruins of Seras

Players

Javert - Winner!

  • Race: Zerg Zerg
  • League: Platinum

Ginseng

  • Race: Terran Terran
  • League: Silver

VOD

Have the link to the VOD?

Description

Time

  • Played on: Aug. 20, 2015, 8:50 p.m.
  • Length: 13:57
Show
View Real Time Build Order
Export as new Build Order

Javert Zerg - Winner!

Build Orders: Hatch First 

Get SALT Encoding   

  12  0:01  Drone  
  13  0:16  Overlord  
  13  0:19  Drone  
  14  0:34  Drone  
  14  0:35  Drone  
  16  0:39  Drone  
  17  0:57  Drone  
  17  0:59  Hatchery  
  17  1:00  Extractor  
  17  1:03  Drone  
  17  1:11  Drone  
  18  1:26  Drone, Spawning Pool  
  18  1:33  Drone  
  19  1:43  Drone  
  20  1:53  Drone  
  21  2:04  Overlord  
  21  2:14  Queen x2  
  25  2:16  Metabolic Boost  
  25  2:18  Zergling x4  
  27  2:25  Drone  
  29  2:30  Drone  
  29  2:35  Drone  
  30  2:40  Drone  
  31  2:46  Overlord  
  31  2:49  Queen  
  33  2:55  Drone  
  33  2:56  Drone  
  34  3:30  Drone x7  
  34  3:31  Drone  
  42  3:35  Overlord  
  42  3:39  Overlord  
  42  3:46  Overlord  
  42  3:49  Hatchery  
  42  3:53  Overlord  
  41  4:00  Drone x4, Extractor  
  44  4:05  Overlord  
  42  4:17  Zergling x8  
  42  4:23  Spore Crawler  
  45  4:24  Lair, Spore Crawler  
  45  4:27  Drone x2  
  45  4:28  Drone  
  47  4:39  Zergling x8, Extractor  
  47  4:40  Extractor  
  49  4:52  Zergling x4  
  51  5:08  Drone x6  
  57  5:19  Zergling x2  
  57  5:20  Zergling x6  
  57  5:28  Zergling x8  
  61  5:32  Overlord, Spine Crawler  
  57  5:37  Drone  
  57  5:38  Drone x3  
  57  5:39  Drone  
  57  5:42  Drone x2, Spire  
  63  5:58  Drone  
  63  5:59  Drone x4  
  63  6:01  Queen x2  
  63  6:02  Overlord x2  
  71  6:14  Drone x7  
  74  6:23  Overlord  
  74  6:24  Drone x2  
  70  6:46  Overlord, Extractor  
  69  6:47  Extractor  
  66  6:57  Overseer  
  66  7:00  Spore Crawler  
  64  7:05  Mutalisk x13  
  64  7:06  Mutalisk  
  92  7:22  Drone x5  
  94  7:23  Drone  
  94  7:26  Overseer  
  94  7:27  Overseer  
  94  7:29  Pneumatized Carapace  
  95  7:38  Drone  
  95  7:39  Drone  
  95  7:42  Overlord  
  97  7:51  Overlord x2  
  97  7:55  Drone x5  
  97  7:56  Drone x2  
  97  7:57  Evolution Chamber x2  
  102  8:10  Extractor  
  102  8:12  Hatchery  
  100  8:13  Mutalisk  
  100  8:14  Mutalisk x7  
  100  8:16  Extractor  
  100  8:18  Zerg Flyer Weapons Level 1  
  115  8:25  Infestation Pit  
  114  8:30  Drone x3  
  114  8:31  Drone x2  
  119  8:39  Overlord  
  119  8:44  Zerg Missile Weapons Level 1, Zerg Ground Armor Level 1  
  119  8:47  Overlord  
  119  8:48  Drone x5  
  122  8:53  Overlord  
  122  8:54  Overlord  
  112  9:21  Hive, Roach Warren  
  112  9:23  Mutalisk x6  
  123  9:27  Drone x2  
  123  9:28  Drone x2  
  127  9:39  Overlord  
  127  10:09  Glial Reconstitution  
  127  10:14  Hydralisk Den, Extractor  
  126  10:15  Hatchery  
  126  10:17  Extractor  
  126  10:20  Roach x10  
  126  10:21  Roach x9  
  161  10:32  Roach x3  
  167  10:38  Zerg Melee Weapons Level 1  
  167  10:46  Drone x4  
  167  10:48  Roach  
  167  10:49  Roach x5  
  183  10:55  Overlord  
  183  10:58  Spine Crawler  
  183  10:59  Overseer x2  
  183  11:00  Spine Crawler, Overseer  
  183  11:01  Spine Crawler  
  183  11:02  Hydralisk  
  183  11:03  Hydralisk  
  184  11:08  Muscular Augments  
  184  11:09  Overlord x4  
  184  11:15  Burrow  
  184  11:20  Roach x4  
  180  11:47  Roach x11  
  192  12:18  Lurker Den  
  190  12:36  Greater Spire  
  188  12:40  Ultralisk Cavern  
  188  12:41  Roach x7  
Show
View Real Time Build Order
Export as new Build Order

Ginseng Terran 

Build Orders:  

Get SALT Encoding   

  12  0:01  SCV  
  13  0:13  SCV  
  14  0:21  Supply Depot  
  14  0:25  SCV  
  15  0:43  SCV  
  15  0:45  Barracks  
  16  0:52  Refinery  
  16  0:56  SCV  
  17  1:08  SCV  
  18  1:20  SCV  
  19  1:32  SCV  
  20  1:38  Reaper  
  21  1:41  Command Center  
  21  1:44  SCV  
  22  1:48  Supply Depot  
  22  1:56  SCV  
  23  2:10  SCV  
  24  2:17  Barracks Reactor  
  24  2:22  SCV  
  25  2:33  Factory  
  25  2:37  SCV  
  26  2:55  SCV  
  26  2:56  Orbital Command, Marine x2  
  28  3:01  Refinery  
  28  3:07  SCV  
  29  3:28  SCV  
  29  3:31  Orbital Command  
  29  3:39  Starport  
  29  3:40  Barracks Tech Lab, Hellion x2  
  33  3:47  SCV  
  34  3:59  SCV x2  
  34  4:02  Hellion x2  
  40  4:09  Orbital Command  
  40  4:13  Marine  
  41  4:25  Hellion x2  
  45  4:31  Marine  
  45  4:32  Bunker  
  46  4:40  Supply Depot  
  46  4:41  Supply Depot  
  46  4:45  Cloaking Field  
  46  5:01  Banshee, SCV x2  
  46  5:02  Command Center  
  46  5:05  Hellion  
  53  5:12  Supply Depot  
  53  5:14  SCV x2  
  55  5:18  Hellion  
  57  5:26  SCV  
  57  5:27  Supply Depot  
  58  5:30  Hellion  
  59  5:46  Banshee  
  59  5:48  SCV x2  
  64  5:54  Barracks Reactor  
  59  6:02  Hellion x2  
  58  6:32  Viking  
  58  6:33  Orbital Command  
  58  6:37  SCV x2  
  62  6:40  Hellion  
  62  6:41  Hellion  
  66  6:47  Factory  
  66  6:48  Factory  
  66  6:49  SCV  
  67  6:56  Refinery  
  67  6:59  Refinery  
  67  7:00  Orbital Command  
  67  7:05  Armory  
  67  7:11  Liberator x2  
  67  7:27  Hellion x2  
  67  7:29  SCV x2  
  79  7:40  Supply Depot x2  
  79  7:41  SCV  
  79  7:43  SCV x2  
  76  7:53  Widow Mine x2  
  76  7:54  Engineering Bay  
  76  7:55  Liberator x2  
  76  7:57  SCV x3  
  83  8:10  Factory Tech Lab  
  87  8:19  Thor  
  89  8:26  Missile Turret  
  89  8:27  Missile Turret  
  87  8:28  Missile Turret  
  87  8:30  Missile Turret  
  87  8:32  Missile Turret  
  87  8:33  SCV  
  87  8:34  SCV x2  
  90  8:38  Missile Turret  
  90  8:41  Missile Turret  
  90  8:45  SCV  
  90  8:46  SCV x2  
  93  8:55  Thor  
  99  8:58  SCV x2  
  98  9:12  Missile Turret  
  98  9:14  Missile Turret  
  98  9:17  Supply Depot  
  98  9:18  Hellion x2  
  98  9:20  SCV x2  
  98  9:21  SCV  
  105  9:33  SCV x3  
  105  9:37  Supply Depot, Liberator x2  
  105  9:38  Supply Depot  
  120  9:59  Command Center  
  108  10:09  Thor  
  108  10:10  Hellion x2  
  118  10:16  Thor  
  118  10:18  SCV x3  
  127  10:23  Refinery  
  127  10:24  Refinery  
  127  10:36  Liberator x2  
  127  10:37  Hellion x2  
  131  10:44  Factory  
  131  10:46  Factory  
  131  10:51  Infernal Pre-Igniter  
  131  10:55  SCV x3  
  140  11:10  SCV x3  
  143  11:13  Armory  
  143  11:15  Planetary Fortress  
  129  11:38  Missile Turret  
  124  11:40  Liberator  
  124  11:43  Liberator  
  105  11:52  Factory Tech Lab, Factory Reactor  
  103  11:57  Missile Turret  
  60  12:17  Missile Turret  
Tags
 
Add a new tag
Caveats
  • Supply blocks, unpowered buildings, or Contaminate may cause inaccurate times.
  • Supply counts are checked every 10 seconds.